 Dungeon Crawl Stone Soup version 0.31-a0-202-g547052bce9 (webtiles) character file.

Game seed: 8085447786461964658

11 qw the Shooter (level 2, 0/16 HPs)
             Began as a Deep Elf Hunter on June 26, 2023.
             Succumbed to their own poison gas
             ... on level 1 of the Dungeon.
             The game lasted 00:00:12 (697 turns).

qw the Shooter (Deep Elf Hunter)                     Turns: 697, Time: 00:00:13

Health: 0/16       AC:  6    Str:  8    XL:     2   Next: 17%
Magic:  4/4        EV: 10    Int: 13    God:
Gold:   40         SH:  0    Dex: 18    Spells: 1/1 levels left

rFire   . . .        Y - +0 shortbow
rCold   . . .        (shield currently unavailable)
rNeg    . . .        k - +0 ring mail
rPois   .            (no helmet)
rElec   .            i - +0 cloak
rCorr   .            (no gloves)
SInv    .            (no boots)
Will    .....        (no amulet)
Stlth   +            (no ring)
HPRegen 0.22/turn    (no ring)
MPRegen 0.09/turn

%: no passive effects
@: lethally poisoned (0 -> -9)
A: no striking features
a: no special abilities


You were on level 1 of the Dungeon.
You visited 1 branch of the dungeon, and saw 1 of its levels.

You collected 40 gold pieces.


   Skills:
 - Level 1.5 Fighting
 + Level 6.0 Ranged Weapons
 - Level 2.4 Dodging
 - Level 1.2 Stealth


You had one spell level left.
You didn't know any spells.
Your spell library was empty.

Inventory:

Hand Weapons
 Y - a +0 shortbow (weapon)
Armour
 i - a +0 cloak (worn)
 k - a +0 ring mail (worn)
Scrolls
 h - a scroll of identify
Potions
 e - a potion of brilliance {unknown}
 j - a potion of berserk rage {unknown}

Dungeon Overview and Level Annotations

Branches:
Dungeon (1/15)

Altars:


Message History

It was a scroll of immolation.
Partly explored, can't reach some places.
692 ||| READING scroll labelled ZYBUNL APIECK.
As you read the scroll labelled ZYBUNL APIECK, it crumbles to dust.
You assume a fearsome visage.
Nothing appears to happen.
It was a scroll of fear.
Partly explored, can't reach some places.
693 ||| READING 2 scrolls labelled BENA XETAAQ.
As you read the scroll labelled BENA XETAAQ, it crumbles to dust.
It is a scroll of identify.
Really abort (and waste the scroll)?
Partly explored, can't reach some places.
694 ||| DROPPING scroll of butterflies.
You drop a scroll of butterflies.
Partly explored, can't reach some places.
(D) Dungeon
Where to? (* - list waypoints, ? - help)
What level of the Dungeon? (default 1, ? - help) Sorry, I don't know how to get there.
Enter note:
Enter note:
Enter note:
Enter note:
Enter note:
Enter note:
Enter note:
Enter note:
Enter note:
Enter note:
Enter note:
Enter note: Really walk into that cloud of poison gas?
You are engulfed in poison gas.
You are poisoned.
Ouch! That really hurt!
You feel very sick.
696 ||| Stepping ~*~*~tactically~*~*~ (cloud).
You feel very sick.
You see here a scroll of butterflies.
There is a lethal amount of poison in your body!
You die...

........#..##[#..~~~~.~.........#
...<....#..##...¤¤¤¤0¤¤...#####.#
........#..##.##¤00¤¤¤¤.#.# #..
........#.....#¤¤¤0¤0¤¤.#.# ###
........#..##.#0¤¤¤0000.#.######
###.#####..##.#¤¤¤0¤¤00........#
...........##.#0¤¤¤¤¤¤¤........#
...........##¤#¤¤0¤¤¤0#........#
######.######00¤@¤¤¤0¤#........#
##.# #######¤¤###._......# #..#
#.....#~~# #........#
#.######.######~~~##.......#
#......#.########~#........#
#......#....##..###........#
#...........##......######## ##
#......##.).##......# .#
#......##...##......#


There were no monsters in sight!

Vanquished Creatures
  An endoplasm (D:1)
  2 giant cockroaches (D:1)
  A hobgoblin (D:1)
  A quokka (D:1)
  3 ball pythons (D:1)
  A goblin (D:1)
  2 rats (D:1)
11 creatures vanquished.

Notes
Turn   | Place    | Note
-------+----------+-------------------------------------------
     0 | D:1      | qw the Deep Elf Hunter began the quest for the Orb.
     0 | D:1      | Reached XP level 1. HP: 12/12 MP: 3/3
     0 | D:1      | 0 ||| qw: Version: 0.3-a-22-g0ed2b0b
     0 | D:1      | 0 ||| qw: Game counter: 5762
     0 | D:1      | 0 ||| qw: Melee chars always use a shield: true
     0 | D:1      | 0 ||| qw: God list: Okawaru
     0 | D:1      | 0 ||| qw: Allow faded altars: false
     0 | D:1      | 0 ||| qw: Do Orc after clearing Dungeon:15 true
     0 | D:1      | 0 ||| qw: Do second Lair branch before Depths: true
     0 | D:1      | 0 ||| qw: Lair rune preference: random
     0 | D:1      | 0 ||| qw: Goals: Normal
     0 | D:1      | 0 ||| PLANNING D:1-11
   194 | D:1      | 194 ||| UPGRADING to +0 cloak.
   201 | D:1      | Reached skill level 6 in Ranged Weapons
   201 | D:1      | Reached XP level 2. HP: 16/16 MP: 4/4
   225 | D:1      | 225 ||| UPGRADING to +0 ring mail.
   235 | D:1      | 235 ||| DROPPING +0 leather armour.
   270 | D:1      | Found a faded altar of an unknown god.
   689 | D:1      | 689 ||| READING scroll labelled FIKLESK RANANU.
   690 | D:1      | 690 ||| READING scroll labelled QESOAG UPTIUB.
   691 | D:1      | 691 ||| READING scroll labelled RODARPH TAMYWK.
   692 | D:1      | 692 ||| READING scroll labelled ZYBUNL APIECK.
   693 | D:1      | 693 ||| READING 2 scrolls labelled BENA XETAAQ.
   694 | D:1      | 694 ||| DROPPING scroll of butterflies.
   696 | D:1      | 696 ||| Stepping ~*~*~tactically~*~*~ (cloud).
   696 | D:1      | HP: 2/16 [poisoned by you (poison gas)]
   697 | D:1      | Succumbed to their own poison gas

Levels and vault maps discovered:
D:1:      lemuel_arrival_room, layout_basic, basic_ecumenical_altar,
          minivault_26, chequers_serial_rivers_small_3, feat_on_display

Skill      XL: |  1 |
---------------+----+-----
Ranged Weapons | 6 |  6.0
Fighting       | |  1.5
Dodging        | |  2.4
Stealth        | |  1.2

Action                     || total
---------------------------++-------
   Fire: Shortbow          ||    36
    Use: Scroll            ||     5
 Armour: Leather armour    ||     2
         Ring mail         ||     1
  Dodge: Dodged            ||    13

Table legend:
 A = Non-vault XP
 B = Vault XP
 C = Vault XP percentage of total XP
 D = Non-vault monster count
 E = Vault monster count
 F = Vault count percentage of total count
                 A         B        C        D         E       F
            +---------+---------+-------+---------+---------+-------
      Total |      17 |       0 |   0.0 |      11 |       0 |   0.0
            +---------+---------+-------+---------+---------+-------
        D:1 |      17 |       0 |   0.0 |      11 |       0 |   0.0
            +---------+---------+-------+---------+---------+-------
